Map: Abyssal Reef LE

Players

soul

  • Race: Terran Terran
  • Spawn Location: 5:00

ShoWTimE - Winner!

  • Race: Protoss Protoss
  • Spawn Location: 11:00

Event: WCS Montreal 2017

VOD

Have the link to the VOD?

Description

Time

  • Played on: Sept. 8, 2017, 5:57 p.m.
  • Length: 21:31

All games in this series

Show
View Real Time Build Order
Export as new Build Order

soul Terran 

Build Orders: MMM Bio 

Get SALT Encoding   

  12  0:01  SCV  
  13  0:13  SCV  
  14  0:17  Supply Depot  
  14  0:25  SCV  
  15  0:38  SCV  
  15  0:42  Barracks  
  16  0:46  Refinery  
  16  0:50  SCV  
  17  1:02  SCV  
  18  1:15  SCV  
  19  1:29  Marine  
  19  1:30  Orbital Command  
  20  1:44  Command Center  
  20  1:54  Factory  
  20  1:58  SCV  
  21  2:05  Barracks Reactor  
  21  2:06  Refinery  
  21  2:10  SCV  
  22  2:17  Supply Depot  
  22  2:23  SCV  
  23  2:39  Starport, SCV  
  23  2:42  Marine x2  
  26  2:44  Widow Mine  
  26  2:51  SCV  
  29  2:56  Orbital Command  
  29  3:00  Marine x2  
  29  3:04  SCV  
  32  3:16  SCV, Widow Mine  
  32  3:17  Medivac  
  37  3:20  Marine  
  37  3:22  SCV  
  39  3:28  SCV  
  40  3:35  Marine  
  40  3:36  Supply Depot  
  40  3:38  Marine  
  40  3:40  SCV  
  44  3:45  Cyclone  
  46  3:56  Supply Depot  
  46  3:57  Marine  
  46  3:58  Viking, SCV x2  
  51  4:05  Supply Depot  
  51  4:06  Marine  
  52  4:10  SCV x2  
  54  4:17  Marine  
  54  4:22  SCV x2  
  56  4:24  Marine  
  56  4:25  Cyclone  
  56  4:28  Viking  
  62  4:32  Supply Depot  
  62  4:34  SCV x2  
  62  4:35  Marine  
  65  4:42  Marine  
  66  4:46  SCV x2  
  66  4:47  Barracks  
  68  4:53  Marine  
  68  4:56  Barracks  
  68  4:57  Engineering Bay  
  68  4:58  SCV  
  68  5:00  Viking  
  68  5:04  Cyclone, Marine  
  68  5:06  SCV  
  75  5:10  Supply Depot  
  75  5:18  Supply Depot  
  75  5:19  SCV  
  75  5:20  SCV, Refinery x2  
  77  5:23  Marine  
  78  5:31  SCV  
  78  5:33  SCV, Terran Infantry Weapons Level 1  
  78  5:35  Barracks Tech Lab  
  80  5:36  Starport Reactor, Factory Reactor  
  80  5:41  Supply Depot  
  80  5:42  Supply Depot  
  80  5:43  SCV  
  80  5:49  Marine, SCV  
  82  5:54  Marine, Stimpack  
  82  5:55  SCV  
  84  5:58  Barracks Tech Lab  
  84  6:01  SCV  
  85  6:09  Missile Turret  
  85  6:10  SCV  
  86  6:12  Command Center  
  86  6:15  Marine  
  86  6:17  Marine  
  89  6:22  Marine  
  89  6:24  Combat Shields  
  88  6:32  Command Center  
  81  6:33  Marine, Marauder  
  81  6:35  Marine  
  81  6:36  SCV  
  86  6:40  Supply Depot, Marauder  
  85  6:48  SCV  
  85  6:51  Marine  
  85  6:53  Marine  
  70  6:54  Marauder  
  70  6:56  Medivac x2  
  70  7:00  Widow Mine x2  
  77  7:01  Marine  
  77  7:07  Supply Depot  
  77  7:08  SCV  
  79  7:09  Marine  
  79  7:13  Barracks x2  
  79  7:14  SCV  
  83  7:16  Marauder  
  83  7:17  Liberator  
  83  7:18  Liberator  
  83  7:20  Marauder  
  83  7:21  Marine  
  83  7:22  SCV  
  87  7:27  Orbital Command, Bunker  
  87  7:31  Widow Mine x2  
  97  7:37  SCV, Marauder  
  97  7:38  SCV  
  97  7:41  Marauder  
  97  7:42  Terran Infantry Armor Level 1  
  101  7:46  Orbital Command, Marine  
  102  7:55  Concussive Shells  
  102  7:57  SCV x2, Missile Turret  
  106  7:58  Marauder  
  106  8:00  Marine  
  106  8:02  Marauder  
  110  8:11  Marine  
  105  8:17  Barracks Tech Lab  
  105  8:18  Marine, SCV  
  105  8:19  SCV x2  
  109  8:20  Marauder  
  109  8:21  Barracks Reactor  
  109  8:24  Marauder  
  111  8:28  Marine  
  111  8:32  Medivac x2  
  112  8:36  Marine  
  112  8:39  Starport, Refinery  
  112  8:40  Refinery, Marauder  
  115  8:41  Marauder  
  115  8:45  Marauder  
  115  8:46  Marine  
  118  8:54  Marine  
  119  8:59  Supply Depot  
  119  9:01  Command Center, Marauder  
  119  9:02  Medivac, Marine  
  120  9:04  Marine  
  120  9:05  Marine  
  120  9:06  Marauder  
  121  9:11  Marine, Fusion Core  
  121  9:15  Widow Mine  
  121  9:16  Widow Mine  
  126  9:20  SCV x2, Marauder  
  126  9:22  Starport Tech Lab, Supply Depot  
  126  9:23  Marauder  
  126  9:24  Supply Depot  
  130  9:25  SCV  
  130  9:26  Liberator  
  130  9:27  Liberator, Marine  
  130  9:28  Liberator, Marauder  
  134  9:33  Marine  
  134  9:40  Marine  
  134  9:42  Marauder  
  139  9:51  Supply Depot  
  139  9:52  Supply Depot, Marine  
  140  10:02  Advanced Ballistics  
  140  10:07  Armory  
  140  10:08  Liberator, Engineering Bay  
  140  10:13  Marine  
  143  10:14  Missile Turret  
  143  10:18  SCV  
  143  10:19  SCV  
  143  10:21  SCV  
  141  10:24  Planetary Fortress  
  138  10:30  SCV  
  138  10:32  SCV  
  138  10:33  SCV  
  138  10:34  Liberator  
  141  10:37  Liberator  
  141  10:41  Marine  
  141  10:42  SCV  
  143  10:44  SCV  
  143  10:45  SCV  
  143  10:47  Marine  
  143  10:48  Marine, Marauder  
  143  10:49  Marine, Marauder  
  153  10:51  Liberator  
  153  10:54  SCV  
  153  10:56  SCV  
  159  10:57  SCV  
  154  11:06  SCV  
  158  11:11  Starport, SCV x2, Missile Turret  
  158  11:13  Terran Ship Weapons Level 1  
  158  11:14  Marine x2, Marauder  
  158  11:15  Marauder  
  158  11:17  Liberator, Marine  
  158  11:18  SCV, Marauder  
  169  11:19  Marine  
  167  11:25  Sensor Tower  
  167  11:26  Liberator  
  167  11:35  Marauder  
  167  11:36  Marauder  
  174  11:40  Barracks, Ghost Academy  
  174  11:41  Barracks  
  175  11:52  Medivac  
  177  11:54  Missile Turret  
  177  11:55  Missile Turret  
  177  12:02  Terran Infantry Weapons Level 2  
  177  12:04  Barracks, Command Center  
  177  12:06  Liberator  
  174  12:12  Liberator, Terran Infantry Armor Level 2  
  172  12:30  Missile Turret  
  172  12:32  Missile Turret  
  172  12:35  Barracks Tech Lab  
  172  12:36  Refinery x2, Barracks Tech Lab  
  167  12:42  Marine x4, Marauder  
  144  12:44  Marine  
  144  12:46  Marine  
  144  12:47  Medivac  
  144  12:53  Medivac  
  146  12:58  Barracks Tech Lab  
  146  13:01  Marine x6  
  146  13:02  Marine x2  
  146  13:03  Viking, Marine  
  157  13:06  Medivac  
  157  13:12  Medivac  
  160  13:19  Ghost x2  
  162  13:20  Ghost  
  162  13:24  Ghost  
  160  13:37  SCV  
  160  13:39  SCV  
  160  13:40  SCV  
  163  13:42  Liberator  
  165  13:49  SCV  
  165  13:51  Viking x3, SCV  
  165  13:52  SCV  
  164  13:56  Terran Ship Weapons Level 2  
  167  14:04  Planetary Fortress  
  167  14:09  Viking  
  164  14:15  Marine x2  
  166  14:22  Ghost  
  166  14:23  Ghost  
  170  14:24  Marine x3  
  170  14:30  Terran Infantry Weapons Level 3  
  173  14:35  Viking  
  173  14:38  SCV x2, Missile Turret  
  177  14:39  SCV  
  177  14:44  Viking  
  180  14:48  Missile Turret  
  180  14:55  Viking  
  180  14:59  Viking x2  
  185  15:05  Viking  
  187  15:09  Terran Infantry Armor Level 3  
  187  15:14  Viking  
  188  15:23  Ghost x2  
  188  15:29  Viking  
  188  15:31  Viking, Command Center  
  188  15:37  Viking  
  188  15:41  Refinery  
  190  15:43  Viking  
  192  15:50  Viking  
  194  15:59  Viking  
  171  16:11  Missile Turret  
  171  16:12  Viking x2  
  171  16:13  Viking, Missile Turret  
  171  16:14  Ghost  
  179  16:19  Marine, Marauder  
  179  16:20  Viking, Marine  
  179  16:21  Marauder  
  183  16:29  Viking  
  183  16:36  Marine  
  183  16:37  Marauder  
  166  16:40  Marine, Marauder  
  166  16:42  Viking  
  166  16:43  Marine, Marauder  
  166  16:44  Missile Turret, Marauder x3  
  166  16:45  Marine, Missile Turret  
  145  16:54  Marine  
  145  16:58  Marine, Marauder  
  132  17:01  Marine  
  132  17:02  Marauder  
  132  17:03  Marine  
  132  17:05  Marine, Marauder x3  
  141  17:12  Marine  
  142  17:16  Marine  
  142  17:19  Medivac x4  
  142  17:20  Medivac, Marauder  
  155  17:28  Marine, Marauder x2  
  155  17:29  Marine  
  155  17:31  Marine  
  154  17:43  Marine  
  141  17:44  Marauder  
  141  17:45  Marine  
  141  17:46  Marauder  
  141  17:47  Marine, Marauder  
  142  17:51  Marine  
  142  17:52  Marine  
  142  17:57  Marine x2  
  150  18:01  Viking x3, Marine  
  149  18:06  Planetary Fortress  
  149  18:07  Viking  
  151  18:13  Terran Ship Weapons Level 3  
  151  18:18  Marine  
  151  18:19  Marine x4  
  152  18:21  Marine  
  152  18:23  Marine x2  
  152  18:25  Marine x2  
  159  18:36  Marine x2  
  159  18:37  Marine x3  
  159  18:38  Marine  
  159  18:40  Viking, Marine  
  168  18:46  Viking  
  170  18:49  Viking  
  168  18:58  Viking  
  170  19:06  Viking  
  170  19:07  Marine x2  
  174  19:10  Viking  
  174  19:16  Ghost  
  176  19:18  Liberator x2  
  176  19:22  Marine  
  176  19:23  Marine x6  
  169  19:24  Liberator  
  169  19:28  Orbital Command  
  176  19:46  Marine  
  176  19:49  Viking  
  164  19:53  Marine  
  164  19:55  Marine x2  
  164  19:59  Battlecruiser  
  173  20:04  Liberator x2  
  173  20:07  Liberator  
  173  20:10  Missile Turret  
  173  20:12  Sensor Tower  
  173  20:19  Viking  
  172  20:38  Marine  
  172  20:40  Marine  
  160  20:43  Marine x2  
  160  20:45  Marine  
  161  20:50  Marine  
  161  20:51  Marine x3, Refinery  
  161  20:52  Refinery  
  165  21:01  Marine  
  165  21:02  Marauder  
  165  21:03  Marauder  
  173  21:13  Marine  
Show
View Real Time Build Order
Export as new Build Order

ShoWTimE Protoss - Winner!

Build Orders: 1 Gate Expand, Phoenix Opening, Carriers, Colossus Rush 

Get SALT Encoding   

  12  0:00  Probe (Chrono Boost)  
  13  0:11  Probe (Chrono Boost)  
  14  0:17  Pylon  
  14  0:22  Probe (Chrono Boost)  
  16  0:35  Probe (Chrono Boost)  
  16  0:36  Gateway  
  16  0:43  Assimilator  
  16  0:46  Probe (Chrono Boost)  
  17  0:56  Probe (Chrono Boost)  
  18  1:07  Probe (Chrono Boost)  
  19  1:22  Nexus  
  19  1:31  Cybernetics Core  
  19  1:33  Probe (Chrono Boost)  
  20  1:40  Assimilator  
  20  1:44  Probe (Chrono Boost)  
  21  1:50  Pylon  
  21  1:54  Probe (Chrono Boost)  
  22  2:08  Adept  
  22  2:09  Mothership Core (Chrono Boost)  
  22  2:14  Warp Gate  
  26  2:27  Probe (Chrono Boost)  
  27  2:34  Probe (Chrono Boost)  
  28  2:38  Probe (Chrono Boost)  
  29  2:44  Stargate, Probe (Chrono Boost)  
  29  2:48  Probe (Chrono Boost)  
  31  2:55  Probe (Chrono Boost), Assimilator  
  32  2:59  Probe (Chrono Boost)  
  34  3:05  Probe (Chrono Boost), Adept  
  34  3:09  Probe (Chrono Boost)  
  37  3:16  Probe (Chrono Boost)  
  38  3:20  Probe (Chrono Boost), Robotics Facility  
  38  3:26  Probe (Chrono Boost)  
  40  3:27  Pylon  
  40  3:30  Probe (Chrono Boost)  
  40  3:32  Phoenix (Chrono Boost)  
  43  3:35  Probe  
  44  3:42  Probe, Pylon  
  44  3:46  Probe  
  46  3:51  Assimilator  
  46  3:54  Probe  
  47  3:56  Probe, Phoenix (Chrono Boost)  
  50  4:06  Probe  
  50  4:07  Probe  
  52  4:12  Robotics Bay  
  52  4:17  Probe  
  52  4:18  Probe  
  52  4:23  Observer (Chrono Boost)  
  50  4:25  Phoenix (Chrono Boost)  
  50  4:29  Probe  
  50  4:31  Probe  
  54  4:35  Pylon  
  54  4:41  Probe  
  54  4:43  Probe  
  56  4:46  Phoenix  
  57  4:53  Probe  
  57  4:54  Observer (Chrono Boost)  
  57  4:55  Probe  
  60  5:05  Probe, Pylon  
  61  5:07  Probe  
  61  5:10  Nexus  
  62  5:18  Probe  
  63  5:23  Colossus (Chrono Boost)  
  63  5:24  Phoenix  
  71  5:33  Adept  
  73  5:37  Probe  
  73  5:38  Probe  
  73  5:41  Pylon  
  75  5:50  Pylon  
  75  5:56  Pylon  
  75  5:59  Pylon  
  73  6:06  Pylon  
  73  6:10  Phoenix  
  73  6:13  Pylon  
  73  6:14  Probe x2  
  73  6:17  Colossus (Chrono Boost)  
  83  6:19  Stalker  
  83  6:26  Probe x2  
  83  6:32  Phoenix  
  84  6:38  Probe x2, Pylon  
  81  6:50  Probe x2  
  81  6:54  Phoenix  
  72  6:56  Adept  
  75  7:02  Probe x2  
  75  7:04  Observer (Chrono Boost)  
  75  7:05  Gateway, Extended Thermal Lance (Chrono Boost)  
  75  7:08  Gateway  
  78  7:12  Nexus  
  78  7:14  Probe x2  
  80  7:22  Pylon  
  80  7:26  Probe x2  
  81  7:32  Colossus (Chrono Boost)  
  87  7:38  Probe  
  87  7:39  Sentry  
  87  7:43  Probe  
  91  7:48  Stargate  
  91  7:50  Probe  
  92  7:55  Probe  
  93  8:02  Probe  
  94  8:07  Probe  
  94  8:09  Pylon  
  95  8:14  Assimilator, Phoenix  
  95  8:15  Probe  
  95  8:18  Assimilator, Colossus  
  95  8:19  Probe  
  89  8:25  Probe  
  89  8:27  Probe  
  97  8:30  Pylon  
  97  8:35  Probe x2  
  97  8:38  Sentry  
  97  8:39  Phoenix  
  97  8:41  Phoenix  
  105  8:43  Probe  
  105  8:48  Probe  
  107  8:50  Probe  
  107  8:51  Forge  
  108  8:55  Probe  
  108  9:00  Probe  
  110  9:05  Adept x2  
  110  9:07  Zealot  
  110  9:09  Probe  
  114  9:12  Probe x2, Pylon  
  114  9:15  Colossus  
  121  9:26  Protoss Ground Weapons Level 1  
  121  9:29  Protoss Air Weapons Level 1  
  118  9:34  Adept  
  114  9:43  Probe  
  115  9:49  Phoenix x2  
  116  9:56  Nexus  
  116  10:00  Pylon  
  116  10:02  Probe  
  116  10:03  Probe, Pylon  
  116  10:04  Probe  
  119  10:13  Fleet Beacon  
  119  10:22  Phoenix x2  
  119  10:28  Disruptor, Probe  
  123  10:29  Probe  
  123  10:30  Probe  
  123  10:33  Pylon  
  129  10:39  Probe  
  130  10:47  Phoenix x2  
  130  10:49  Probe  
  132  10:54  Adept x2  
  132  10:56  Probe, Adept  
  136  10:58  Probe  
  135  11:05  Anion Pulse-Crystals  
  135  11:07  Photon Cannon  
  135  11:11  Probe  
  135  11:13  Pylon  
  136  11:18  Probe  
  136  11:20  Probe  
  136  11:21  Probe  
  136  11:25  Probe  
  136  11:26  Disruptor  
  136  11:28  Assimilator  
  136  11:31  Assimilator  
  136  11:32  Probe  
  141  11:34  Probe  
  141  11:35  Probe  
  141  11:36  Probe, Protoss Air Weapons Level 2  
  141  11:39  Phoenix  
  146  11:41  Phoenix  
  148  11:53  Protoss Shields Level 1 (Chrono Boost)  
  148  12:00  Photon Cannon  
  148  12:02  Photon Cannon  
  148  12:07  Disruptor  
  151  12:11  Tempest  
  157  12:19  Pylon  
  157  12:25  Tempest  
  157  12:28  Pylon  
  161  12:43  Disruptor  
  154  12:48  Zealot x3  
  154  12:49  Probe  
  154  12:50  Probe x2  
  161  12:53  Twilight Council  
  161  12:59  Tempest  
  161  13:02  Nexus  
  167  13:07  Pylon  
  167  13:08  Sentry  
  167  13:17  Tempest, Pylon  
  173  13:21  Colossus  
  177  13:36  Charge  
  177  13:37  Protoss Ground Weapons Level 2 (Chrono Boost)  
  177  13:39  Gateway  
  177  13:41  Gateway  
  177  13:43  Graviton Catapult  
  177  13:44  Zealot x2  
  177  13:47  Carrier  
  187  14:01  Carrier  
  193  14:05  Protoss Air Weapons Level 3  
  193  14:17  Stargate  
  193  14:27  Forge  
  193  14:28  Probe  
  193  14:29  Templar Archives  
  194  14:32  Assimilator  
  194  14:33  Assimilator  
  194  14:34  Photon Cannon  
  194  14:35  Photon Cannon  
  194  14:44  Stargate  
  194  14:50  Photon Cannon  
  194  14:52  Photon Cannon  
  192  15:04  Photon Cannon  
  192  15:06  Psionic Storm  
  192  15:07  Pylon  
  192  15:09  Carrier  
  198  15:19  High Templar  
  192  15:29  High Templar, Protoss Shields Level 2 (Chrono Boost)  
  192  15:30  High Templar x2  
  194  15:36  Carrier  
  190  15:51  High Templar  
  190  15:54  Carrier  
  196  15:57  Photon Cannon  
  196  15:59  Photon Cannon  
  196  16:09  Carrier  
  181  16:22  Zealot x3  
  181  16:23  Zealot  
  183  16:35  Oracle  
  184  16:42  Nexus  
  184  16:43  High Templar x2  
  188  16:47  Archon  
  168  17:01  Carrier  
  168  17:04  Zealot x3  
  180  17:11  Carrier  
  176  17:20  Carrier  
  182  17:28  High Templar x3  
  182  17:29  High Templar, Zealot  
  190  17:32  Archon x2  
  190  17:36  Carrier  
  181  17:53  Protoss Air Armor Level 1  
  181  17:57  Pylon  
  181  17:59  Gateway  
  181  18:01  High Templar, Gateway  
  181  18:03  High Templar  
  181  18:04  Gateway  
  181  18:05  Zealot x2, Gateway, Pylon  
  187  18:19  Protoss Ground Armor Level 1 (Chrono Boost)  
  181  18:27  Oracle  
  181  18:28  Zealot x3  
  190  18:43  Carrier  
  191  18:49  Disruptor  
  190  19:13  Assimilator  
  190  19:17  Assimilator, Pylon  
  190  19:20  Pylon  
  190  19:21  Carrier  
  196  19:27  High Templar  
  196  19:28  High Templar  
  196  19:30  Photon Cannon  
  200  19:33  Photon Cannon  
  200  19:36  Photon Cannon  
  186  19:38  Photon Cannon, Carrier  
  182  19:53  High Templar  
  182  19:56  Pylon  
  184  20:02  Zealot x3  
  184  20:03  Zealot  
  198  20:31  Disruptor  
  192  20:45  High Templar  
  192  20:46  High Templar  
  196  21:01  Gateway  
  196  21:04  Gateway  
  196  21:06  Gateway  
  199  21:13  Archon  
  191  21:27  Archon  
  191  21:28  Archon  
Tags
 
Add a new tag
Caveats
  • Supply blocks, unpowered buildings, or Contaminate may cause inaccurate times.
  • Supply counts are checked every 10 seconds.